 Dungeon Crawl Stone Soup version 0.28-a0-1629-gf728b707aa (webtiles) character file.

Game seed: 4946187130329394197

106 Sweetruy1997 the Chopper (level 4, -1/35 HPs)
             Began as a Demonspawn Chaos Knight on Jan 24, 2022.
             Was a Plaything of Xom.
             Slain by an iron imp (5 damage)
             ... summoned by Xom
             ... on level 4 of the Dungeon.
             The game lasted 00:08:04 (2954 turns).

Sweetruy1997 the Chopper (Demonspawn Chaos Knight)  Turns: 2954, Time: 00:08:05

Health: -1/35      AC:  5    Str: 14 (15) XL:     4   Next: 55%
Magic:  3/4        EV: 15    Int: 13      God:    Xom [.*....]
Gold:   18         SH:  0    Dex: 11 (12) Spells: 0/3 levels left

rFire   . . .      SeeInvis .   a - +1 hand axe (chaos)
rCold   . . .      Faith    .   (no shield)
rNeg    . . .      Spirit   .   b - +2 leather armour
rPois   .          Reflect  .   (no helmet)
rElec   .          Harm     .   (no cloak)
rCorr   .          Rampage  .   (no gloves)
Will    +....                   (no boots)
Stlth   +.........              (no amulet)
HPRegen 0.00/turn               i - +4 ring of evasion
MPRegen 0.09/turn               (no ring)

@: inhibited regen, unable to read
A: ignite blood 1, spiny 2, deterioration 1, strong-willed 1, inhibited
regeneration, inability to read while threatened
a: Renounce Religion


You were on level 4 of the Dungeon.
You worshipped Xom.
You were a plaything of Xom.
You visited 1 branch of the dungeon, and saw 4 of its levels.

You collected 61 gold pieces.
You spent 43 gold pieces at shops.

Inventory:

Hand Weapons
 a - a +1 hand axe of chaos (weapon)
Armour
 b - a +2 leather armour (worn)
Jewellery
 i - a +4 ring of evasion (left hand)
Wands
 l - a wand of flame (14) (quivered)
Scrolls
 e - 2 scrolls of blinking
 f - a scroll of fog
 g - a scroll of teleportation
 j - a scroll of fear {unknown}
Potions
 c - a potion of attraction {unknown}
 d - a potion of degeneration {unknown}
 h - a potion of heal wounds


   Skills:
 + Level 3.5 Fighting
 + Level 4.2 Axes
 - Level 2.0 Armour
 - Level 1.0 Dodging
 + Level 1.1 Stealth


You couldn't memorise any spells.
You knew the following spells:

 Your Spells              Type           Power      Damage    Failure   Level
a - Confusing Touch       Hex            0%         N/A       75%         3

Your spell library contained the following spells:

 Spells                   Type           Power      Damage    Failure   Level
 Call Canine Familiar     Summ           0%         N/A       75%         3
 Inner Flame              Hex/Fire       0%         N/A       75%         3
 Portal Projectile        Hex/Tloc       0%         N/A       75%         3
 Summon Guardian Golem    Hex/Summ       0%         N/A       75%         3
 Anguish                  Hex/Necr       0%         N/A       98%         4
 Leda's Liquefaction      Hex/Erth       0%         N/A       98%         4


Dungeon Overview and Level Annotations

Branches:
Dungeon (4/15)
 Temple: D:4-7

Altars:

Shops:
D:3 *


Innate Abilities, Weirdness & Mutations

Your demonic aura sometimes causes spilled blood to erupt in flames.
You are mostly covered in sharp spines.
Your body sometimes deteriorates upon taking damage.
You are strong-willed. (Will+)
You do not regenerate when monsters are visible.
You sometimes lose the ability to read scrolls when taking damage.


Message History

The iron imp hits you.
Your body deteriorates!
You feel weakened. The quasit is struck by your spines. The quasit misses you.
The quasit claws you.
You feel clumsy. The quasit barely misses you.
The quasit is struck by your spines. The quasit closely misses you.
The quasit claws you but does no damage. x2
You closely miss the quasit.
The quasit is heavily wounded.
You barely miss the iron imp. The quasit is struck by your spines.
The quasit closely misses you.
The quasit claws you but does no damage.
The quasit barely misses you. The quasit closely misses you.
The quasit claws you but does no damage.
The quasit misses you.
You closely miss the quasit.
The quasit is almost dead.
You hit the iron imp but do no damage. The quasit is struck by your spines.
You kill the quasit!
The quasit degenerates into a cloud of primal chaos!
The iron imp is struck by your spines. The iron imp closely misses you.
The iron imp is engulfed in seething chaos.
The iron imp seems to speed up.
You hit the iron imp.
The iron imp convulses.
The iron imp is heavily wounded.
You completely miss the iron imp. The iron imp hits you.
You feel threatened and lose the ability to read scrolls!
The iron imp is struck by your spines. The iron imp barely misses you.
You can read scrolls again.
You barely miss the iron imp.
The iron imp is heavily wounded.
You barely miss the iron imp. The iron imp hits you!
You feel threatened and lose the ability to read scrolls!
* * * LOW HITPOINT WARNING * * *
The iron imp hits you.
* * * LOW HITPOINT WARNING * * *
The iron imp hits you.
You die... "It's all fun and games until someone loses an eye."

#.......###'##........
#.......##...#........
........#....#........
........#....#........
........#....#........
........######........
#.....######## #.....#
#@....# #55...#
#.....# #.....#
#.....# #.....#
##########.....#
...............#
...............#


You could see 2 iron imps.

Vanquished Creatures
  An orc priest (D:3)
  2 adders (D:3)
  An adder skeleton (D:4)
  A worm (D:2)
  7 orcs
  2 endoplasms (D:1)
  2 giant cockroaches (D:1)
  5 goblins
  4 hobgoblins
  5 kobolds
  A quokka (D:1)
  4 ball pythons
  5 bats
  A frilled lizard (D:2)
  5 rats
46 creatures vanquished.

Notes
Turn   | Place    | Note
-------+----------+-------------------------------------------
     0 | D:1      | Sweetruy1997 the Demonspawn Chaos Knight began the quest
                  | for the Orb.
     0 | D:1      | Reached XP level 1. HP: 18/18 MP: 1/1
   382 | D:1      | Reached skill level 3 in Axes
   455 | D:1      | Gained mutation: You are partially covered in sharp spines.
                  | [demonic ancestry]
   455 | D:1      | Reached XP level 2. HP: 20/24 MP: 2/2
   629 | D:1      | Found a faded altar of an unknown god.
   855 | D:2      | XOM: polymorph ball python -> orc
  1216 | D:2      | XOM: 4-stop teleportation journey
  1258 | D:2      | Gained mutation: Your demonic aura sometimes causes spilled
                  | blood to erupt in flames. [demonic ancestry]
  1258 | D:2      | Reached XP level 3. HP: 28/29 MP: 3/3
  1463 | D:2      | XOM: god gift: 28 arrows
  1626 | D:2      | XOM: 1-stop teleportation journey
  1860 | D:2      | XOM: cloud trail
  1937 | D:3      | Found Dalid's Assorted Antiques.
  1942 | D:3      | XOM: give mutations
  1942 | D:3      | Gained mutation: You do not regenerate when monsters are
                  | visible. [Xom's mischief]
  1943 | D:3      | Bought a fizzy green potion for 20 gold pieces
  1943 | D:3      | Bought a scroll labelled JAMOACL IGGY for 23 gold pieces
  2036 | D:3      | XOM: 8-stop teleportation journey
  2207 | D:3      | Got the Handbook of Bewitchment
  2300 | D:3      | Reached skill level 1 in Dodging
  2332 | D:3      | XOM: give mutations
  2332 | D:3      | Gained mutation: You sometimes lose the ability to read
                  | scrolls when taking damage. [Xom's mischief]
  2332 | D:3      | Gained mutation: You are strong-willed. (Will+) [Xom's
                  | mischief]
  2332 | D:3      | Gained mutation: Your body sometimes deteriorates upon
                  | taking damage. [Xom's mischief]
  2413 | D:3      | Reached skill level 4 in Axes
  2413 | D:3      | Gained mutation: You are mostly covered in sharp spines.
                  | [demonic ancestry]
  2413 | D:3      | Reached XP level 4. HP: 19/35 MP: 4/4
  2417 | D:3      | Learned a level 3 spell: Confusing Touch
  2570 | D:3      | XOM: silly message
  2849 | D:3      | XOM: silly message
  2934 | D:4      | Reached skill level 1 in Stealth
  2939 | D:4      | XOM: summons 3 hostile demons
  2954 | D:4      | Slain by an iron imp

Illustrated notes

Levels and vault maps discovered:
D:1:      noname_arrival_rooms_in_the_neighbourhood, layout_basic,
          ebering_ecumenical_altar_petrified
D:2:      layout_basic
D:3:      layout_loops_ring, serial_shops, shop_fountains
D:4:      layout_gridville

Skill      XL: |  1  2  3  4 |
---------------+-------------+-----
Axes           | 3 4 |  4.2
Armour         | 2 |  2.0
Dodging        | 1 |  1.0
Stealth        | 1 |  1.1
Fighting       | |  3.5

Action                   |  1- 3 |  4- 6 || total
-------------------------+-------+-------++-------
Melee: Hand axe          |    88 |    17 ||   105
       Punch             |     1 |       ||     1
Evoke: Wand              |       |     5 ||     5
  Use: Scroll            |     4 |     2 ||     6
       Potion            |     2 |     1 ||     3
 Stab: Sleeping          |     1 |       ||     1
Armor: Leather armour    |    24 |     6 ||    30
Dodge: Dodged            |    45 |    24 ||    69

Table legend: (Time is in decaauts)
 A = Elapsed time spent in this place.
 B = Non-inter-level travel time spent in this place.
 C = Inter-level travel time spent in this place.
 D = Time resting spent in this place.
 E = Time spent auto-exploring this place.
 F = Levels seen in this place.
 G = Mean time per level.
                   A        B        C        D        E       F      G
               +--------+--------+--------+--------+--------+-----+--------+
         Total |   2977 |   2893 |     84 |    409 |   2114 |   4 |  744.2 |
       Dungeon |   2977 |   2893 |     84 |    409 |   2114 |   4 |  744.2 |
               +--------+--------+--------+--------+--------+-----+--------+

Top non-repeatable levels by time:
     D:2: 1083 daAuts
     D:3: 963 daAuts
     D:1: 862 daAuts
     D:4: 67 daAuts
